 Dungeon Crawl Stone Soup version 0.30-a0-4-ga7cffc901d (webtiles) character file.

Game seed: 12155299653373232911

7952 Newt the Nimble (level 11, -14/79 HPs)
             Began as a Demonspawn Gladiator on Aug 21, 2022.
             Was an Elder of Dithmenos.
             Killed from afar by a gargoyle (26 damage)
             ... with a stone arrow
             ... on level 10 of the Dungeon.
             The game lasted 00:17:34 (11632 turns).

Newt the Nimble (Demonspawn Gladiator)             Turns: 11632, Time: 00:17:35

Health: -14/79     AC:  7    Str: 20    XL:     11   Next: 3%
Magic:  0/14       EV: 23    Int:  9    God:    Dithmenos [****..]
Gold:   662        SH:  0    Dex: 22    Spells: 10/10 levels left

rFire   + . .      SeeInvis .    i - +7 Spriggan's Knife {stab, EV+4 Stlth+}
rCold   . . .      Faith    .    (no shield)
rNeg    . . .      Spirit   +    R - +0 acid dragon scales
rPois   .          Reflect  .    (helmet restricted)
rElec   .          Harm     +    O - scarf {harm}
rCorr   +          Rampage  .    (no gloves)
Will    .....                    s - +0 pair of boots
Stlth   +++++.....               (no amulet)
HPRegen 0.23/turn                m - ring of protection from fire
MPRegen 0.28/turn                t - +6 ring of dexterity

@: confused, ambrosia-drunk, wreathed by umbra
A: horns 1, thin skeletal structure 1, spiny 2, magic shield, magic regeneration
a: Renounce Religion, Shadow Step


You were on level 10 of the Dungeon.
You worshipped Dithmenos.
Dithmenos was greatly pleased with you.
You visited 2 branches of the dungeon, and saw 11 of its levels.

You collected 662 gold pieces.

Inventory:

Hand Weapons
 a - a +0 rapier
 g - a +5 falchion
 i - the +7 Spriggan's Knife (weapon) {stab, EV+4 Stlth+}
   (You acquired it on level 2 of the Dungeon)

   It is more effective when stabbing unaware enemies, sometimes treating them
   as though they were completely helpless.
   EV:        It affects your evasion (+4).
   Stlth:     It makes you more stealthy.
 y - a +2 dagger of venom
 J - a +3 scimitar
Missiles
 d - 3 throwing nets (quivered)
 e - a javelin
 f - 66 poisoned darts
 h - 142 stones
 q - 5 atropa-tipped darts
 r - 13 boomerangs
Armour
 b - a +0 leather armour
 c - a +1 helmet
 s - a +0 pair of boots (worn)
 A - a +0 cloak
 O - a scarf of harm (worn)
 R - +0 acid dragon scales (worn)
Jewellery
 m - a ring of protection from fire (left hand)
 t - a +6 ring of dexterity (right hand)
 Q - an amulet of magic regeneration
Wands
 k - a wand of flame (21)
 u - a wand of digging (5)
 P - a wand of polymorph (4)
Scrolls
 w - 5 scrolls of teleportation
 z - a scroll of enchant armour
 B - a scroll of brand weapon {unknown}
 C - a scroll of noise {unknown}
 F - a scroll of enchant weapon {unknown}
 I - a scroll of poison {unknown}
 L - a scroll of magic mapping {unknown}
 M - a scroll of butterflies {unknown}
 N - 2 scrolls of identify
 S - a scroll of blinking {unknown}
Potions
 j - 2 potions of might
 l - 2 potions of degeneration
 n - a potion of flight
 o - a potion of haste
 p - a potion of brilliance
 v - a potion of magic
 x - a potion of curing
 E - a potion of attraction
 G - a potion of berserk rage {unknown}
 H - 2 potions of invisibility
 K - 2 potions of lignification {unknown}


   Skills:
 - Level 5.0 Fighting
 - Level 8.0 Short Blades
 - Level 1.7 Throwing
 - Level 10.0 Dodging
 - Level 8.0 Stealth
 - Level 5.0 Invocations
 + Level 4.0 Evocations


You had 10 spell levels left.
You didn't know any spells.
Your spell library contained the following spells:

 Spells                   Type           Power      Damage    Failure   Level
 Gell's Gravitas          Tloc           0%         N/A       85%         3
 Lesser Beckoning         Tloc           0%         N/A       85%         3
 Teleport Other           Tloc           0%         N/A       85%         3
 Tukima's Dance           Hex            0%         N/A       85%         3
 Passage of Golubria      Tloc           0%         N/A       99%         4
 Yara's Violent Unravell  Hex/Tmut       0%         3d3       100%        5


Dungeon Overview and Level Annotations

Branches:
Dungeon (10/15)            Temple (1/1) D:4            Lair (0/5) D:8
    Orc: D:9-12

Altars:
Ashenzari
Cheibriados
Dithmenos
Fedhas
Gozag
Hepliaklqana
Kikubaaqudgha
Makhleb
Nemelex Xobeh
Okawaru
Qazlal
Sif Muna
Trog
Uskayaw
Vehumet
Wu Jian
Xom
Yredelemnul


Innate Abilities, Weirdness & Mutations

You have a pair of small horns on your head.
You have a somewhat thin skeletal structure. (Dex +2, Stealth+)
You are mostly covered in sharp spines.
When hurt, damage is shared between your health and your magic reserves.
You regenerate magic rapidly.


Message History

You hit the vampire mosquito.
You destroy the vampire mosquito!
Dithmenos accepts your kill.
Your Evocations skill increases to level 4!
The gargoyle misses you.
You see here a vampire mosquito corpse.
You hit the gargoyle but do no damage.
Your shadow hits the gargoyle but does no damage.
The gargoyle hits you with a +0 mace!
You hit the gargoyle but do no damage.
The gargoyle hurls a stone arrow at you.
The stone arrow hits you!
Throw: 5 throwing nets
Press: ? - help, Shift-Dir - straight line, f - gargoyle
Aim: a gargoyle, wielding a +0 mace (umbra, 78% to hit)
You throw a throwing net.
The throwing net completely misses the gargoyle.
The throwing net hits the acid dragon.
The acid dragon is caught in the net!
Unknown command.
The acid dragon struggles against the net.
The gargoyle attacks as you move away! The gargoyle closely misses you.
The acid dragon struggles against the net.
The gargoyle hurls a stone arrow at you.
The stone arrow hits you!!
* * * LOW HITPOINT WARNING * * *
The acid dragon struggles against the net.
Okay, then.
You are confused.
You feel invigorated.
The acid dragon struggles against the net.
Unknown command.
Non-targeted confused throw: 4 throwing nets
Press: ? - help, Dir - look around, f - activate Look: a gargoyle, wielding a +0 mace (umbra)
You throw a throwing net.
The acid dragon struggles against the net.
The net rips apart, and the acid dragon comes free!
The gargoyle hurls a stone arrow at you.
The stone arrow hits you!!
You die...

#..........~~~~~~~~.....
#...~..#####~~~~~.....##
##......######~~~~.$...#
#...~~~.'..<.##~~~.....#
#.......####.###~~.....#
#.......##...#
#....#####...# #.>.>.#
#...# #.....# #(.@#
##....# #..9# #....#
###.# #....# #†#
###########.# #..y..D#
#...........9
#............
#...~........


You could see an acid dragon and a gargoyle.

Vanquished Creatures
  Pikel (D:7)
  An unseen horror (D:7)
  2 wyverns (D:10)
  5 yaks (D:9)
  2 steam dragons
  4 vampire mosquitoes (D:10)
  3 wargs (D:8)
  2 acid dragons
  Menkaure (D:7)
  A water moccasin (D:8)
  2 black bears (D:6)
  3 orc warriors
  2 ice beasts
  3 ogres
  A centaur (D:5)
  2 phantoms (D:5)
  5 kobold brigands
  A lemure (D:8)
  5 bullfrogs
  A gnoll sergeant (D:8)
  A scorpion (D:6)
  10 wights
  An oklob sapling (D:4)
  12 killer bees
  3 electric eels
  7 howler monkeys
  A jelly (D:5)
  A gnoll bouda (D:10)
  6 orc priests
  Crazy Yiuf (D:2)
  Jessica (D:2)
  Natasha (thrice) (D:2)
  5 iguanas
  11 orc wizards
  Robin (D:2)
  21 gnolls
  7 adders
  A shadow imp (D:7)
  A white imp (D:6)
  2 worms
  2 dart slugs
  28 orcs
  9 bats
  8 endoplasms
  5 giant cockroaches
  21 goblins
  12 hobgoblins
  11 jackals
  4 quokkas
  8 ball pythons
  3 frilled lizards
  65 kobolds
  7 rats
326 creatures vanquished.

Vanquished Creatures (others)
  25 plants (D:4)
25 creatures vanquished.

Grand Total: 351 creatures vanquished

Notes
Turn   | Place    | Note
-------+----------+-------------------------------------------
     0 | D:1      | Newt the Demonspawn Gladiator began the quest for the Orb.
     0 | D:1      | Reached XP level 1. HP: 16/16 MP: 1/1
    90 | D:1      | Reached skill level 1 in Stealth
   192 | D:1      | Gained mutation: You are partially covered in sharp spines.
                  | [demonic ancestry]
   192 | D:1      | Reached XP level 2. HP: 22/22 MP: 2/2
   541 | D:1      | Gained mutation: You have a somewhat thin skeletal
                  | structure. (Dex +2, Stealth+) [demonic ancestry]
   541 | D:1      | Reached XP level 3. HP: 20/27 MP: 3/3
   788 | D:2      | Identified a scroll of acquirement
   788 | D:2      | Acquired the +7 Spriggan's Knife {stab, EV+4 Stlth+}
   788 | D:2      | Found the +7 Spriggan's Knife {stab, EV+4 Stlth+}
   810 | D:2      | Noticed Robin
   839 | D:2      | Killed Robin
   927 | D:2      | Gained mutation: You regenerate magic rapidly. [demonic
                  | ancestry]
   927 | D:2      | Reached XP level 4. HP: 33/33 MP: 4/4
  1129 | D:2      | Noticed Jessica
  1132 | D:2      | Killed Jessica
  1222 | D:2      | Reached XP level 5. HP: 38/38 MP: 5/5
  1297 | D:2      | Noticed Natasha
  1300 | D:2      | Killed Natasha
  1387 | D:2      | Found a runed translucent door.
  1388 | D:2      | Noticed Crazy Yiuf
  1510 | D:2      | Found a faded altar of an unknown god.
  1580 | D:2      | Noticed Natasha
  1586 | D:2      | Killed Natasha
  1817 | D:2      | Noticed Natasha
  1823 | D:2      | Killed Natasha
  1991 | D:2      | Killed Crazy Yiuf
  2077 | D:3      | Found a shimmering blue altar of Sif Muna.
  2136 | D:3      | Reached XP level 6. HP: 44/44 MP: 6/6
  2163 | D:3      | Reached skill level 5 in Stealth
  2172 | D:3      | Found a basalt altar of Yredelemnul.
  2402 | D:3      | Found a blossoming altar of Fedhas.
  3311 | D:4      | Reached skill level 3 in Dodging
  3384 | D:4      | Gained mutation: When hurt, damage is shared between your
                  | health and your magic reserves. [demonic ancestry]
  3384 | D:4      | Reached XP level 7. HP: 40/50 MP: 7/7
  3389 | D:4      | Found a sparkling altar of Nemelex Xobeh.
  3420 | D:4      | Reached skill level 4 in Dodging
  3618 | D:4      | Found a staircase to the Ecumenical Temple.
  4827 | Temple   | Entered the Ecumenical Temple
  4912 | Temple   | Became a worshipper of Dithmenos the Shadowed
  5412 | D:5      | Entered Level 5 of the Dungeon
  5442 | D:5      | Reached skill level 5 in Dodging
  5545 | D:5      | Found an opulent altar of Gozag.
  5709 | D:5      | Reached skill level 6 in Dodging
  5714 | D:5      | Reached XP level 8. HP: 56/56 MP: 8/8
  5949 | D:5      | Found a burning altar of Makhleb.
  6263 | D:6      | Found a shimmering altar of Xom.
  6414 | D:6      | Reached * piety under Dithmenos
  6996 | D:6      | Reached skill level 5 in Fighting
  7022 | D:6      | Reached ** piety under Dithmenos
  7140 | D:6      | Gained mutation: You have a pair of small horns on your
                  | head. [demonic ancestry]
  7140 | D:6      | Reached XP level 9. HP: 64/68 MP: 9/9
  7177 | D:6      | Reached skill level 5 in Short Blades
  7870 | D:7      | Noticed Menkaure
  7877 | D:7      | Killed Menkaure
  7877 | D:7      | Reached *** piety under Dithmenos
  7962 | D:7      | Found a hide-covered altar of Uskayaw.
  8234 | D:7      | Killed an unseen horror
  8895 | D:8      | Reached skill level 1 in Invocations
  9443 | D:8      | Reached skill level 5 in Invocations
  9468 | D:8      | Noticed Pikel
  9556 | D:7      | Killed Pikel
  9557 | D:7      | Reached skill level 7 in Dodging
  9557 | D:7      | Reached XP level 10. HP: 60/74 MP: 10/13
  9652 | D:8      | Found a staircase to the Lair.
  9928 | D:8      | Found an ornate altar of the Wu Jian Council.
  9944 | D:8      | Reached skill level 8 in Dodging
 10312 | D:9      | Reached **** piety under Dithmenos
 10930 | D:9      | Reached skill level 9 in Dodging
 11440 | D:10     | Entered Level 10 of the Dungeon
 11451 | D:10     | Reached skill level 10 in Dodging
 11453 | D:10     | Reached skill level 1 in Evocations
 11601 | D:10     | Noticed a gargoyle
 11616 | D:10     | Gained mutation: You are mostly covered in sharp spines.
                  | [demonic ancestry]
 11616 | D:10     | Reached XP level 11. HP: 63/79 MP: 11/14
 11632 | D:10     | Killed from afar by a gargoyle

Illustrated notes

Levels and vault maps discovered:
D:1:      saegor_arrival_under_anarchy, layout_basic
D:2:      layout_loops_ring, shapermc_ecumenical_altar_hornbeckon,
          uniq_crazy_yiuf_cottage, uniq_natasha, uniq_jessica, uniq_robin
D:3:      layout_basic, mainiacjoe_overflow_alcove_2,
          mainiacjoe_overflow_24_doors, overflow_temple_1_default,
          kennysheep_boxes
D:4:      layout_loops_ring, mainiacjoe_overflow_catch_the_wave,
          minmay_temple_entry_oklob
D:5:      layout_gridville, mainiacjoe_overflow_alcove_1,
          nicolae_gozag_cash_rules_everything_around_me
D:6:      minmay_goblin_kobold_castle, layout_loops_ring, xom_teletrap_fun
D:7:      layout_basic, nicolae_uskayaw_murder_on_the_dancefloor, uniq_menkaure
D:8:      layout_cave_pools, mainiacjoe_overflow_six_doors_small,
          erik_lair_orcish_takeover, uniq_pikel
D:9:      layout_gridville
D:10:     layout_basic, mainiacjoe_overflow_boulevard,
          nicolae_elyvilon_peaceful_grove
Temple:   zaba_magenta_temple

Skill      XL: |  1  2  3  4  5  6  7  8  9 10 11 |
---------------+----------------------------------+-----
Stealth        | 1 2 3 4 6 8 |  8.0
Short Blades   | 3 4 8 |  8.0
Dodging        | 3 6 7 10 | 10.0
Fighting       | 5 |  5.0
Invocations    | 5 |  5.0
Evocations     | 3 4 |  4.0
Throwing       | |  1.7

Action                   |  1- 3 |  4- 6 |  7- 9 | 10-12 || total
-------------------------+-------+-------+-------+-------++-------
Melee: Rapier            |    74 |       |       |       ||    74
       Punch             |     1 |     2 |     5 |       ||     8
       Knife             |    24 |   151 |   326 |   187 ||   688
       Headbutt          |       |       |    26 |    39 ||    65
Throw: Throwing net      |       |     3 |     2 |     2 ||     7
  Use: Scroll            |     4 |     2 |     5 |     2 ||    13
       Potion            |       |       |     7 |     1 ||     8
 Stab: Sleeping          |     1 |    16 |    27 |    10 ||    54
       Distracted        |     1 |     2 |     8 |     3 ||    14
       Held in net/web   |       |     1 |     1 |       ||     2
       Invisible         |       |       |     1 |       ||     1
Armor: Leather armour    |    30 |    17 |    26 |     8 ||    81
       Acid dragon scale |       |       |       |     3 ||     3
Dodge: Dodged            |    69 |    72 |   261 |   122 ||   524

Table legend: (Time is in decaauts)
 A = Elapsed time spent in this place.
 B = Non-inter-level travel time spent in this place.
 C = Inter-level travel time spent in this place.
 D = Time resting spent in this place.
 E = Time spent auto-exploring this place.
 F = Levels seen in this place.
 G = Mean time per level.
                   A        B        C        D        E       F      G
               +--------+--------+--------+--------+--------+-----+--------+
         Total |  11499 |  11219 |    280 |   2926 |   6312 |  11 | 1045.4 |
       Dungeon |  11400 |  11163 |    237 |   2926 |   6262 |  10 | 1140.0 |
        Temple |     98 |     55 |     43 |      0 |     50 |   1 |   98.0 |
               +--------+--------+--------+--------+--------+-----+--------+

Top non-repeatable levels by time:
     D:4: 2050 daAuts
     D:6: 1596 daAuts
     D:7: 1412 daAuts
     D:2: 1317 daAuts
     D:3: 1201 daAuts
     D:9: 1180 daAuts
     D:8: 926 daAuts
     D:5: 784 daAuts
     D:1: 759 daAuts
    D:10: 171 daAuts
  Temple: 98 daAuts
